[ AOE2 MATCH · #480997629 ]
UnrankedFranks vs Cumans
[ REPLAY ANALYSIS · EXTRACTED FROM THE RECORDED GAME ]
Feudal
12:17
Castle
16:06
Imperial
31:09
| APM avg | 25.5 |
| APM peak | 68 |
| eAPM avg | 13.8 |
| Villagers / military | 115 / 135 |
Focus
⚔️ 23.9% · 🌾 76.1%
Knight ×132 · Petard ×3
Feudal
11:19
Castle
16:39
Imperial
30:36
| APM avg | 22.9 |
| APM peak | 65 |
| eAPM avg | 17.6 |
| Villagers / military | 109 / 313 |
Focus
⚔️ 49.9% · 🌾 50.1%
Huskarl ×243 · Spearman ×70
Feudal
11:29
Castle
20:40
Imperial
—
| APM avg | 28.4 |
| APM peak | 67 |
| eAPM avg | 16.9 |
| Villagers / military | 132 / 61 |
Focus
⚔️ 10.1% · 🌾 89.9%
Steppe Lancer ×61
Feudal
13:09
Castle
17:11
Imperial
22:16
| APM avg | 20.6 |
| APM peak | 45 |
| eAPM avg | 12.2 |
| Villagers / military | 70 / 125 |
Focus
⚔️ 28.6% · 🌾 71.4%
Spearman ×63 · Skirmisher ×30 · Bombard Cannon ×17 · Hand Cannoneer ×13 · Monk ×2
Feudal
12:08
Castle
16:51
Imperial
32:43
| APM avg | 12.5 |
| APM peak | 38 |
| eAPM avg | 9.5 |
| Villagers / military | 106 / 139 |
Focus
⚔️ 32.0% · 🌾 68.0%
Scorpion ×68 · Battle Elephant ×46 · Spearman ×21 · Monk ×4
Feudal
10:13
Castle
14:14
Imperial
30:17
| APM avg | 34.7 |
| APM peak | 77 |
| eAPM avg | 19.1 |
| Villagers / military | 187 / 220 |
Focus
⚔️ 27.8% · 🌾 72.2%
Mangudai ×123 · Steppe Lancer ×95 · Monk ×2
Feudal
11:13
Castle
15:00
Imperial
30:04
| APM avg | 28.5 |
| APM peak | 58 |
| eAPM avg | 16.7 |
| Villagers / military | 165 / 126 |
Focus
⚔️ 30.6% · 🌾 69.4%
Knight ×107 · Teutonic Knight ×10 · Trebuchet (Packed) ×5 · Monk ×2 · Bombard Cannon ×2
Feudal
12:36
Castle
16:56
Imperial
23:18
| APM avg | 22.1 |
| APM peak | 49 |
| eAPM avg | 14.6 |
| Villagers / military | 106 / 61 |
Focus
⚔️ 30.3% · 🌾 69.7%
Scout Cavalry ×39 · Hand Cannoneer ×18 · Bombard Cannon ×3 · Monk ×1
Match map
Initial resources + every placement click. Lines = walls · curves = elevation contours. ◆ gold · ⬟ stone · ● berries · ✦ relic · ◌ wall gap
Your base· ✓ Closed at 16:06 · 0t walls · 3 gate(s)
kavu's base· ✓ Closed at 16:39 · 0t walls · 2 gate(s)
KorboBlanc's base· ✓ Closed at 20:40 · 0t walls · 3 gate(s)
Achilles333's base· ✓ Closed at 17:11 · 0t walls · 2 gate(s)
AB14's base· ✓ Closed at 16:51 · 0t walls · 3 gate(s)
W.'s base· ✓ Closed at 14:14 · 0t walls · 2 gate(s)
antifrizman's base· ✓ Closed at 15:00 · 0t walls · 3 gate(s)
elfile0's base· ✓ Closed at 16:56 · 0t walls · 2 gate(s)
Smoothed initial terrain · ◌ = detected wall gap · hover for details
Inputs per minute
— Napoleon - - kavu
Build order — Napoleon
First 150 of 348 actions detected
| 0:01 | Create | Villager (Male) |
| 0:01 | Create | Villager (Male) |
| 0:02 | Create | Villager (Male) |
| 0:03 | Build | House |
| 0:05 | Build | House |
| 0:44 | Create | Villager (Male) |
| 1:28 | Create | Villager (Male) |
| 1:49 | Build | Lumber Camp |
| 2:01 | Create | Villager (Male) |
| 2:25 | Create | Villager (Male) |
| 2:26 | Create | Villager (Male) |
| 2:47 | Create | Villager (Male) |
| 3:05 | Create | Villager (Male) |
| 3:46 | Create | Villager (Male) |
| 3:55 | Build | House |
| 4:04 | Create | Villager (Male) |
| 4:04 | Create | Villager (Male) |
| 4:29 | Create | Villager (Male) |
| 4:29 | Create | Villager (Male) |
| 4:56 | Create | Villager (Male) |
| 4:59 | Build | Mill |
| 5:31 | Create | Villager (Male) |
| 5:32 | Create | Villager (Male) |
| 5:35 | Build | House |
| 5:59 | Create | Villager (Male) |
| 5:59 | Create | Villager (Male) |
| 6:24 | Create | Villager (Male) |
| 6:24 | Create | Villager (Male) |
| 6:28 | Build | House |
| 6:43 | Build | Farm |
| 6:52 | Create | Villager (Male) |
| 7:08 | Create | Villager (Male) |
| 7:19 | Build | Lumber Camp |
| 7:24 | Create | Villager (Male) |
| 7:30 | Build | Mill |
| 7:53 | Create | Villager (Male) |
| 8:38 | Create | Villager (Male) |
| 9:21 | Research | Feudal Age |
| 9:25 | Create | Villager (Male) |
| 9:30 | Build | Mining Camp |
| 9:40 | Research | Feudal Age |
| 10:06 | Build | Farm |
| 11:46 | Build | Farm |
| 12:01 | Build | Farm |
| 12:12 | Create | Villager (Male) |
| 12:14 | Create | Villager (Male) |
| 12:17 | Age | Feudal Age |
| 12:23 | Build | Market |
| 12:29 | Build | Blacksmith |
| 12:44 | Build | Mining Camp |
| 13:04 | Build | Farm |
| 13:04 | Build | Farm |
| 13:05 | Build | Farm |
| 13:26 | Research | Castle Age |
| 13:26 | Research | Castle Age |
| 13:35 | Build | Farm |
| 13:48 | Build | House |
| 14:08 | Research | Double-Bit Axe |
| 14:08 | Research | Double-Bit Axe |
| 14:12 | Research | Loom |
| 14:21 | Build | Farm |
| 14:32 | Build | House |
| 14:34 | Build | House |
| 14:48 | Build | Farm |
| 15:19 | Build | Barracks |
| 15:46 | Create | Villager (Male) |
| 16:06 | Age | Castle Age |
| 16:24 | Build | Castle |
| 16:33 | Create | Villager (Male) |
| 16:33 | Create | Villager (Male) |
| 16:45 | Build | Stable |
| 16:51 | Research | Scale Barding Armor |
| 16:55 | Research | Forging |
| 17:08 | Create | Villager (Male) |
| 17:22 | Build | Stable |
| 17:50 | Build | Town Center |
| 18:00 | Create | Villager (Male) |
| 18:00 | Create | Villager (Male) |
| 18:05 | Build | Farm |
| 18:06 | Build | Farm |
| 18:13 | Build | Farm |
| 18:14 | Build | Farm |
| 18:19 | Create | Villager (Male) |
| 18:28 | Create | Petard |
| 18:28 | Create | Petard |
| 18:50 | Build | Farm |
| 18:59 | Create | Villager (Male) |
| 19:02 | Create | Petard |
| 19:15 | Create | Knight |
| 19:15 | Create | Knight |
| 19:25 | Create | Villager (Male) |
| 19:25 | Create | Villager (Male) |
| 19:28 | Build | Farm |
| 19:28 | Build | Farm |
| 19:28 | Build | Farm |
| 19:29 | Build | Farm |
| 19:36 | Create | Villager (Male) |
| 19:49 | Create | Knight |
| 19:49 | Create | Knight |
| 20:00 | Build | Farm |
| 20:13 | Build | Farm |
| 20:16 | Build | Farm |
| 20:25 | Create | Villager (Male) |
| 20:25 | Create | Villager (Male) |
| 20:25 | Create | Villager (Male) |
| 20:30 | Create | Knight |
| 21:11 | Create | Knight |
| 21:12 | Create | Knight |
| 21:14 | Create | Villager (Male) |
| 21:15 | Create | Villager (Male) |
| 21:16 | Create | Villager (Male) |
| 21:24 | Build | Farm |
| 21:26 | Build | Farm |
| 21:27 | Build | Farm |
| 21:31 | Create | Villager (Male) |
| 21:32 | Create | Villager (Male) |
| 21:32 | Create | Villager (Male) |
| 21:50 | Create | Villager (Male) |
| 21:50 | Create | Villager (Male) |
| 21:53 | Build | Farm |
| 22:15 | Build | Town Center |
| 22:36 | Research | Chain Barding Armor |
| 22:43 | Create | Villager (Male) |
| 22:43 | Create | Villager (Male) |
| 22:44 | Create | Villager (Male) |
| 23:39 | Create | Villager (Male) |
| 23:42 | Research | Wheelbarrow |
| 23:45 | Build | Mill |
| 23:46 | Build | Farm |
| 23:46 | Build | Farm |
| 23:46 | Build | Farm |
| 23:47 | Build | Farm |
| 24:00 | Research | Town Watch |
| 24:01 | Research | Town Watch |
| 24:02 | Create | Villager (Male) |
| 24:02 | Create | Villager (Male) |
| 24:04 | Create | Villager (Male) |
| 24:05 | Create | Villager (Male) |
| 24:06 | Create | Villager (Male) |
| 24:07 | Create | Villager (Male) |
| 24:11 | Build | Farm |
| 24:11 | Build | Farm |
| 24:12 | Build | Farm |
| 24:17 | Create | Villager (Male) |
| 24:18 | Create | Villager (Male) |
| 24:18 | Create | Villager (Male) |
| 24:26 | Create | Villager (Male) |
| 24:26 | Create | Villager (Male) |
| 24:53 | Create | Villager (Male) |
| 24:54 | Create | Villager (Male) |
Build order — kavu
First 150 of 585 actions detected
| 0:02 | Create | Villager (Male) |
| 0:02 | Create | Villager (Male) |
| 0:02 | Create | Villager (Male) |
| 0:03 | Create | Villager (Male) |
| 0:03 | Create | Villager (Male) |
| 0:05 | Build | House |
| 0:08 | Build | House |
| 1:29 | Create | Villager (Male) |
| 2:02 | Build | Lumber Camp |
| 2:07 | Create | Villager (Male) |
| 2:25 | Create | Villager (Male) |
| 2:58 | Create | Villager (Male) |
| 3:21 | Create | Villager (Male) |
| 3:21 | Research | Loom |
| 4:02 | Build | House |
| 4:06 | Build | House |
| 4:09 | Create | Villager (Male) |
| 4:09 | Create | Villager (Male) |
| 4:32 | Create | Villager (Male) |
| 4:40 | Build | Mill |
| 4:49 | Build | House |
| 4:57 | Create | Villager (Male) |
| 5:05 | Create | Villager (Male) |
| 5:05 | Create | Villager (Male) |
| 5:43 | Create | Villager (Male) |
| 5:44 | Create | Villager (Male) |
| 6:11 | Create | Villager (Male) |
| 6:21 | Build | Lumber Camp |
| 6:27 | Create | Villager (Male) |
| 6:40 | Build | Farm |
| 7:12 | Build | Farm |
| 7:24 | Create | Villager (Male) |
| 7:25 | Create | Villager (Male) |
| 7:48 | Create | Villager (Male) |
| 8:27 | Create | Villager (Male) |
| 9:02 | Build | Mining Camp |
| 9:06 | Research | Feudal Age |
| 9:58 | Build | Mill |
| 10:14 | Create | Villager (Male) |
| 10:14 | Create | Villager (Male) |
| 10:15 | Create | Villager (Male) |
| 10:15 | Create | Villager (Male) |
| 10:15 | Create | Villager (Male) |
| 11:19 | Age | Feudal Age |
| 11:33 | Build | Farm |
| 11:35 | Build | Farm |
| 12:03 | Build | Market |
| 12:08 | Build | Blacksmith |
| 12:15 | Build | Farm |
| 12:26 | Build | Farm |
| 12:49 | Build | House |
| 13:59 | Research | Castle Age |
| 13:59 | Research | Castle Age |
| 14:10 | Build | House |
| 14:16 | Research | Double-Bit Axe |
| 14:28 | Research | Horse Collar |
| 14:41 | Build | House |
| 14:42 | Build | House |
| 14:43 | Build | House |
| 15:22 | Create | Villager (Male) |
| 15:22 | Create | Villager (Male) |
| 15:46 | Build | House |
| 15:47 | Build | House |
| 16:39 | Age | Castle Age |
| 16:46 | Build | Town Center |
| 16:55 | Build | Town Center |
| 17:19 | Research | Bow Saw |
| 17:22 | Research | Heavy Plow |
| 17:26 | Research | Wheelbarrow |
| 17:39 | Build | House |
| 17:50 | Create | Villager (Male) |
| 18:03 | Create | Villager (Male) |
| 18:03 | Create | Villager (Male) |
| 18:10 | Build | Farm |
| 18:12 | Build | Farm |
| 18:15 | Build | Farm |
| 18:20 | Build | Farm |
| 18:22 | Create | Villager (Male) |
| 18:22 | Create | Villager (Male) |
| 18:29 | Build | Farm |
| 18:31 | Build | Farm |
| 18:34 | Build | Farm |
| 18:35 | Build | Farm |
| 18:36 | Create | Villager (Male) |
| 18:40 | Create | Villager (Male) |
| 18:43 | Create | Villager (Male) |
| 18:48 | Build | House |
| 18:56 | Build | Farm |
| 19:09 | Create | Villager (Male) |
| 19:13 | Build | Farm |
| 19:18 | Create | Villager (Male) |
| 19:21 | Build | Farm |
| 19:28 | Build | House |
| 19:32 | Create | Villager (Male) |
| 19:37 | Create | Villager (Male) |
| 19:37 | Create | Villager (Male) |
| 19:42 | Build | Farm |
| 19:48 | Build | Farm |
| 19:53 | Create | Villager (Male) |
| 19:56 | Create | Villager (Male) |
| 20:01 | Build | House |
| 20:06 | Build | Farm |
| 20:14 | Build | Farm |
| 20:17 | Create | Villager (Male) |
| 20:19 | Create | Villager (Male) |
| 20:20 | Create | Villager (Male) |
| 20:23 | Create | Villager (Male) |
| 20:29 | Build | Farm |
| 20:38 | Build | Farm |
| 20:41 | Create | Villager (Male) |
| 20:43 | Create | Villager (Male) |
| 20:54 | Build | House |
| 20:57 | Build | House |
| 20:59 | Build | House |
| 21:01 | Create | Villager (Male) |
| 21:03 | Create | Villager (Male) |
| 21:04 | Create | Villager (Male) |
| 21:06 | Build | Farm |
| 21:13 | Build | Farm |
| 21:27 | Create | Villager (Male) |
| 21:28 | Create | Villager (Male) |
| 21:28 | Create | Villager (Male) |
| 21:28 | Create | Villager (Male) |
| 21:47 | Create | Villager (Male) |
| 21:47 | Create | Villager (Male) |
| 21:47 | Create | Villager (Male) |
| 21:50 | Build | Farm |
| 21:53 | Build | Farm |
| 21:54 | Create | Villager (Male) |
| 21:54 | Create | Villager (Male) |
| 21:58 | Build | Farm |
| 22:02 | Build | Farm |
| 22:04 | Create | Villager (Male) |
| 22:04 | Create | Villager (Male) |
| 22:07 | Create | Villager (Male) |
| 22:07 | Create | Villager (Male) |
| 22:13 | Build | Farm |
| 22:14 | Build | Farm |
| 22:17 | Build | Farm |
| 22:22 | Build | Mining Camp |
| 22:27 | Create | Villager (Male) |
| 22:31 | Build | Farm |
| 22:34 | Build | Farm |
| 22:37 | Build | Farm |
| 22:39 | Create | Villager (Male) |
| 22:40 | Create | Villager (Male) |
| 22:40 | Create | Villager (Male) |
| 22:52 | Build | House |
| 22:54 | Build | House |
| 22:54 | Build | House |
Build order — KorboBlanc
First 150 of 238 actions detected
| 0:06 | Build | House |
| 0:09 | Build | House |
| 0:10 | Create | Villager (Male) |
| 0:10 | Create | Villager (Male) |
| 0:11 | Create | Villager (Male) |
| 0:11 | Create | Villager (Male) |
| 2:05 | Build | Lumber Camp |
| 2:12 | Build | Lumber Camp |
| 2:16 | Create | Villager (Male) |
| 2:16 | Create | Villager (Male) |
| 2:53 | Create | Villager (Male) |
| 3:19 | Create | Villager (Male) |
| 3:20 | Create | Villager (Male) |
| 3:53 | Build | House |
| 4:08 | Research | Loom |
| 4:09 | Create | Villager (Male) |
| 4:09 | Create | Villager (Male) |
| 4:36 | Create | Villager (Male) |
| 5:05 | Build | Mill |
| 5:44 | Create | Villager (Male) |
| 6:02 | Create | Villager (Male) |
| 6:04 | Create | Villager (Male) |
| 6:42 | Create | Villager (Male) |
| 6:43 | Create | Villager (Male) |
| 7:09 | Build | House |
| 7:35 | Create | Villager (Male) |
| 8:01 | Build | Mining Camp |
| 8:08 | Create | Villager (Male) |
| 8:16 | Create | Villager (Male) |
| 9:19 | Research | Feudal Age |
| 9:21 | Create | Villager (Male) |
| 10:28 | Build | Mill |
| 11:12 | Create | Villager (Male) |
| 11:29 | Age | Feudal Age |
| 11:40 | Build | Town Center |
| 12:09 | Build | House |
| 12:37 | Create | Villager (Male) |
| 12:38 | Create | Villager (Male) |
| 12:45 | Research | Double-Bit Axe |
| 12:49 | Research | Horse Collar |
| 13:14 | Build | House |
| 13:30 | Create | Villager (Male) |
| 13:37 | Build | Farm |
| 13:43 | Build | Farm |
| 14:13 | Build | Farm |
| 14:33 | Build | Farm |
| 14:41 | Build | Farm |
| 14:52 | Build | Farm |
| 14:53 | Build | Farm |
| 14:55 | Build | Farm |
| 15:00 | Build | Farm |
| 15:10 | Build | Farm |
| 15:15 | Create | Villager (Male) |
| 15:16 | Create | Villager (Male) |
| 15:17 | Create | Villager (Male) |
| 15:17 | Create | Villager (Male) |
| 15:36 | Build | Blacksmith |
| 15:53 | Create | Villager (Male) |
| 15:53 | Create | Villager (Male) |
| 16:00 | Build | Farm |
| 16:17 | Build | Market |
| 16:28 | Build | Farm |
| 16:37 | Build | Farm |
| 16:55 | Create | Villager (Male) |
| 16:55 | Create | Villager (Male) |
| 17:12 | Build | Farm |
| 17:13 | Build | Farm |
| 17:33 | Build | Farm |
| 17:40 | Build | Farm |
| 17:45 | Build | Farm |
| 17:49 | Build | Farm |
| 17:56 | Build | Farm |
| 18:00 | Research | Castle Age |
| 18:01 | Research | Wheelbarrow |
| 18:10 | Build | House |
| 18:15 | Build | House |
| 18:32 | Build | Mining Camp |
| 19:14 | Research | Stone Mining |
| 19:18 | Create | Villager (Male) |
| 19:18 | Create | Villager (Male) |
| 19:19 | Create | Villager (Male) |
| 19:20 | Create | Villager (Male) |
| 19:20 | Create | Villager (Male) |
| 19:49 | Build | Barracks |
| 20:36 | Create | Villager (Male) ×5 |
| 20:40 | Age | Castle Age |
| 20:54 | Build | Stable |
| 21:04 | Build | Stable |
| 21:23 | Build | Stable |
| 21:31 | Research | Bow Saw |
| 21:33 | Research | Heavy Plow |
| 22:04 | Build | Town Center |
| 22:10 | Create | Villager (Male) |
| 22:11 | Create | Villager (Male) |
| 22:12 | Create | Villager (Male) |
| 22:13 | Create | Villager (Male) |
| 22:17 | Research | Bloodlines |
| 22:17 | Research | Light Cavalry (upgrade) |
| 22:23 | Research | Scale Barding Armor |
| 22:32 | Create | Villager (Male) |
| 22:32 | Create | Villager (Male) |
| 22:56 | Build | Farm |
| 23:14 | Build | House |
| 23:18 | Research | Hand Cart |
| 23:20 | Create | Villager (Male) |
| 23:21 | Create | Villager (Male) |
| 23:26 | Research | Town Watch |
| 23:26 | Create | Villager (Male) |
| 23:27 | Create | Villager (Male) |
| 23:34 | Build | House |
| 23:35 | Build | House |
| 23:36 | Build | House |
| 23:48 | Build | House |
| 23:49 | Build | House |
| 23:54 | Create | Villager (Male) |
| 23:54 | Create | Villager (Male) |
| 24:02 | Create | Villager (Male) ×3 |
| 24:33 | Build | Farm |
| 24:38 | Build | Farm |
| 24:47 | Build | Farm |
| 24:56 | Create | Villager (Male) |
| 24:56 | Create | Villager (Male) |
| 24:56 | Create | Villager (Male) |
| 24:58 | Create | Villager (Male) |
| 25:00 | Create | Villager (Male) |
| 25:00 | Create | Villager (Male) |
| 25:08 | Research | Forging |
| 25:24 | Research | Gold Mining |
| 25:30 | Build | House |
| 25:31 | Build | House |
| 25:32 | Build | House |
| 25:33 | Build | House |
| 25:34 | Build | House |
| 25:35 | Build | House |
| 25:52 | Build | Castle |
| 25:59 | Research | Gold Shaft Mining |
| 26:04 | Create | Villager (Male) ×4 |
| 26:09 | Create | Villager (Male) |
| 26:09 | Create | Villager (Male) |
| 26:15 | Build | Farm |
| 26:23 | Build | Farm |
| 26:24 | Build | Farm |
| 26:24 | Build | Farm |
| 26:25 | Build | Farm |
| 26:32 | Build | Farm |
| 26:46 | Build | Lumber Camp |
| 26:59 | Build | Farm |
| 27:07 | Build | Farm |
| 27:19 | Create | Villager (Male) ×5 |
| 27:21 | Create | Villager (Male) ×5 |
Build order — Achilles333
First 150 of 286 actions detected
| 0:02 | Create | Villager (Male) |
| 0:02 | Create | Villager (Male) |
| 0:04 | Build | House |
| 0:06 | Build | House |
| 0:38 | Create | Villager (Male) |
| 0:39 | Create | Villager (Male) |
| 1:26 | Create | Villager (Male) |
| 1:49 | Build | House |
| 2:06 | Create | Villager (Male) |
| 2:12 | Build | Lumber Camp |
| 2:32 | Create | Villager (Male) |
| 2:59 | Create | Villager (Male) |
| 3:38 | Create | Villager (Male) |
| 3:38 | Create | Villager (Male) |
| 3:38 | Create | Villager (Male) |
| 4:25 | Create | Villager (Male) |
| 4:25 | Create | Villager (Male) |
| 4:37 | Build | Mill |
| 5:19 | Create | Villager (Male) |
| 5:20 | Create | Villager (Male) |
| 5:20 | Create | Villager (Male) |
| 5:37 | Build | Lumber Camp |
| 5:53 | Create | Villager (Male) |
| 6:07 | Create | Villager (Male) |
| 6:17 | Create | Villager (Male) |
| 6:54 | Create | Villager (Male) |
| 6:58 | Build | House |
| 7:19 | Create | Villager (Male) |
| 7:20 | Create | Villager (Male) |
| 7:35 | Build | House |
| 7:42 | Create | Villager (Male) |
| 7:54 | Build | Mill |
| 8:27 | Create | Villager (Male) |
| 9:10 | Build | Farm |
| 9:26 | Build | Farm |
| 9:33 | Create | Villager (Male) |
| 9:34 | Create | Villager (Male) |
| 10:01 | Build | Farm |
| 10:27 | Build | Farm |
| 10:39 | Build | Mining Camp |
| 10:59 | Research | Feudal Age |
| 11:25 | Build | Farm |
| 11:31 | Build | Barracks |
| 11:48 | Build | House |
| 12:12 | Create | Villager (Male) |
| 12:12 | Create | Villager (Male) |
| 13:09 | Age | Feudal Age |
| 13:26 | Build | Blacksmith |
| 13:36 | Build | Archery Range |
| 13:45 | Create | Villager (Male) |
| 13:51 | Build | Farm |
| 13:57 | Build | Farm |
| 14:12 | Build | Farm |
| 14:31 | Research | Castle Age |
| 14:48 | Research | Double-Bit Axe |
| 15:04 | Build | Farm |
| 15:06 | Build | Farm |
| 15:06 | Build | Farm |
| 15:06 | Build | Farm |
| 15:06 | Build | Farm |
| 15:09 | Build | Farm |
| 15:13 | Build | Farm |
| 15:20 | Build | Farm |
| 15:22 | Research | Horse Collar |
| 15:41 | Create | Villager (Male) |
| 15:41 | Create | Villager (Male) |
| 16:53 | Build | Farm |
| 17:08 | Build | House |
| 17:11 | Age | Castle Age |
| 17:19 | Build | University |
| 17:29 | Build | Monastery |
| 17:39 | Create | Villager (Male) |
| 18:05 | Build | Farm |
| 18:12 | Build | Farm |
| 18:30 | Create | Villager (Male) |
| 18:41 | Build | Farm |
| 19:06 | Research | Imperial Age |
| 19:06 | Research | Imperial Age |
| 19:36 | Research | Bow Saw |
| 19:44 | Create | Monk |
| 19:56 | Create | Spearman |
| 19:57 | Create | Spearman |
| 19:57 | Create | Spearman |
| 19:57 | Create | Spearman |
| 21:23 | Create | Monk |
| 21:39 | Research | Chemistry |
| 22:06 | Research | Heavy Plow |
| 22:11 | Create | Spearman ×5 |
| 22:11 | Create | Spearman ×5 |
| 22:11 | Create | Spearman ×5 |
| 22:16 | Age | Imperial Age |
| 22:35 | Build | House |
| 22:52 | Build | House |
| 22:52 | Build | House |
| 22:52 | Build | House |
| 22:53 | Build | House |
| 22:53 | Build | House |
| 23:01 | Build | Siege Workshop |
| 23:14 | Create | Villager (Male) |
| 23:16 | Research | Loom |
| 23:18 | Research | Wheelbarrow |
| 23:59 | Create | Bombard Cannon |
| 23:59 | Create | Bombard Cannon |
| 24:03 | Create | Hand Cannoneer |
| 24:06 | Create | Hand Cannoneer |
| 24:09 | Create | Villager (Male) |
| 24:10 | Research | Wheelbarrow |
| 24:44 | Build | Lumber Camp |
| 24:51 | Build | Lumber Camp |
| 25:00 | Create | Hand Cannoneer |
| 25:01 | Create | Hand Cannoneer |
| 25:11 | Create | Villager (Male) |
| 25:11 | Create | Villager (Male) |
| 25:22 | Research | Pikeman (upgrade) |
| 25:24 | Research | Squires |
| 25:49 | Build | Mining Camp |
| 26:09 | Create | Bombard Cannon |
| 26:24 | Create | Villager (Male) |
| 26:25 | Create | Villager (Male) |
| 26:52 | Create | Spearman |
| 26:52 | Create | Spearman |
| 26:52 | Create | Spearman |
| 26:53 | Create | Spearman |
| 27:02 | Create | Bombard Cannon |
| 27:03 | Create | Bombard Cannon |
| 27:35 | Research | Scale Mail Armor |
| 27:40 | Create | Hand Cannoneer |
| 27:40 | Create | Hand Cannoneer |
| 28:02 | Create | Villager (Male) |
| 28:03 | Create | Villager (Male) |
| 28:06 | Build | House |
| 28:07 | Build | House |
| 28:07 | Build | House |
| 28:07 | Build | House |
| 28:10 | Build | House |
| 28:22 | Create | Bombard Cannon |
| 28:32 | Create | Hand Cannoneer |
| 30:05 | Create | Bombard Cannon |
| 30:09 | Create | Hand Cannoneer |
| 30:09 | Create | Hand Cannoneer |
| 30:09 | Create | Hand Cannoneer |
| 30:10 | Create | Villager (Male) |
| 30:11 | Create | Villager (Male) |
| 32:06 | Create | Villager (Male) |
| 32:06 | Create | Villager (Male) |
| 32:06 | Create | Villager (Male) |
| 33:45 | Create | Villager (Male) |
| 33:46 | Create | Villager (Male) |
| 33:46 | Create | Villager (Male) |
| 34:01 | Build | Farm |
Build order — AB14
First 150 of 253 actions detected
| 0:01 | Create | Villager (Male) ×4 |
| 0:04 | Build | House |
| 0:07 | Build | House |
| 1:33 | Create | Villager (Male) |
| 1:52 | Build | Lumber Camp |
| 2:09 | Create | Villager (Male) |
| 2:09 | Create | Villager (Male) |
| 2:09 | Create | Villager (Male) |
| 2:30 | Create | Villager (Male) |
| 2:46 | Create | Villager (Male) |
| 3:09 | Create | Villager (Male) |
| 3:39 | Build | House |
| 3:41 | Build | House |
| 3:42 | Build | House |
| 3:53 | Create | Villager (Male) ×2 |
| 4:50 | Create | Villager (Male) ×2 |
| 4:56 | Build | Mill |
| 5:33 | Create | Villager (Male) ×3 |
| 6:18 | Build | Mining Camp |
| 6:57 | Create | Villager (Male) ×2 |
| 7:06 | Build | Lumber Camp |
| 7:51 | Create | Villager (Male) |
| 7:51 | Create | Villager (Male) |
| 7:51 | Create | Villager (Male) |
| 7:51 | Create | Villager (Male) |
| 7:56 | Create | Villager (Male) |
| 9:58 | Research | Feudal Age |
| 10:14 | Build | Mill |
| 10:20 | Build | House |
| 10:25 | Build | House |
| 12:08 | Age | Feudal Age |
| 12:29 | Create | Villager (Male) |
| 12:31 | Create | Villager (Male) |
| 12:37 | Research | Horse Collar |
| 12:40 | Build | Farm |
| 12:42 | Build | Farm |
| 12:43 | Build | Farm |
| 12:44 | Build | Farm |
| 12:47 | Build | Farm |
| 12:48 | Build | Farm |
| 12:59 | Build | Farm |
| 13:16 | Create | Villager (Male) |
| 14:11 | Research | Castle Age |
| 14:35 | Research | Double-Bit Axe |
| 14:44 | Build | Barracks |
| 14:46 | Build | House |
| 15:45 | Create | Spearman |
| 15:49 | Create | Spearman |
| 16:51 | Age | Castle Age |
| 16:57 | Build | Town Center |
| 17:03 | Build | House |
| 17:05 | Create | Spearman |
| 17:06 | Create | Spearman |
| 17:16 | Create | Villager (Male) |
| 17:17 | Create | Villager (Male) |
| 17:27 | Build | Town Center |
| 17:46 | Build | House |
| 17:48 | Build | House |
| 17:55 | Build | House |
| 17:57 | Build | House |
| 18:08 | Build | Monastery |
| 18:15 | Research | Heavy Plow |
| 18:17 | Research | Bow Saw |
| 18:18 | Create | Villager (Male) |
| 18:19 | Create | Villager (Male) |
| 18:21 | Create | Villager (Male) |
| 18:33 | Build | House |
| 18:35 | Build | House |
| 18:36 | Build | House |
| 18:48 | Build | Mining Camp |
| 18:52 | Create | Villager (Male) ×5 |
| 19:01 | Build | Farm |
| 19:11 | Create | Monk |
| 19:12 | Create | Monk |
| 19:15 | Create | Monk |
| 19:34 | Create | Villager (Male) |
| 19:34 | Create | Villager (Male) |
| 19:35 | Create | Villager (Male) |
| 19:42 | Build | Farm |
| 19:42 | Build | Farm |
| 19:43 | Build | Farm |
| 19:50 | Create | Villager (Male) |
| 19:52 | Create | Villager (Male) |
| 19:55 | Build | Farm |
| 20:01 | Build | House |
| 20:02 | Build | House |
| 20:07 | Create | Monk |
| 20:21 | Build | House |
| 20:22 | Build | House |
| 20:23 | Build | House |
| 20:25 | Build | House |
| 20:26 | Build | House |
| 20:28 | Build | House |
| 20:38 | Research | Pikeman (upgrade) |
| 20:39 | Create | Spearman |
| 20:39 | Create | Spearman |
| 20:39 | Create | Spearman |
| 20:45 | Create | Villager (Male) |
| 20:50 | Build | Farm |
| 20:52 | Build | Farm |
| 20:58 | Create | Villager (Male) |
| 21:08 | Build | House |
| 21:12 | Build | House |
| 21:14 | Build | House |
| 21:15 | Build | House |
| 21:23 | Create | Villager (Male) |
| 21:24 | Create | Villager (Male) ×2 |
| 21:24 | Create | Villager (Male) ×2 |
| 21:35 | Build | Farm |
| 21:41 | Build | Farm |
| 21:42 | Build | Farm |
| 21:46 | Build | Farm |
| 21:47 | Build | Farm |
| 21:50 | Build | Farm |
| 21:53 | Build | Farm |
| 21:55 | Build | Farm |
| 21:57 | Build | Farm |
| 22:02 | Build | Farm |
| 22:07 | Create | Villager (Male) ×4 |
| 22:23 | Create | Spearman ×3 |
| 23:23 | Create | Villager (Male) ×5 |
| 23:24 | Create | Villager (Male) ×4 |
| 24:04 | Create | Spearman ×5 |
| 24:08 | Build | House |
| 24:11 | Build | House |
| 24:12 | Build | House |
| 24:14 | Build | House |
| 24:14 | Build | House |
| 24:52 | Create | Villager (Male) ×5 |
| 24:58 | Build | Farm |
| 25:02 | Build | Farm |
| 25:03 | Build | Farm |
| 25:04 | Build | Farm |
| 25:06 | Build | Farm |
| 25:07 | Build | Farm |
| 25:08 | Build | Farm |
| 25:09 | Build | Farm |
| 25:15 | Build | House |
| 25:16 | Build | House |
| 25:16 | Build | House |
| 25:17 | Build | House |
| 25:24 | Research | Gold Mining |
| 25:25 | Research | Stone Mining |
| 25:28 | Create | Villager (Male) ×5 |
| 25:36 | Build | Farm |
| 25:37 | Build | Farm |
| 25:39 | Build | Farm |
| 25:40 | Build | Farm |
| 25:41 | Build | Farm |
| 25:43 | Build | Farm |
Build order — W.
First 150 of 441 actions detected
| 0:03 | Build | House |
| 0:08 | Build | House |
| 0:08 | Create | Villager (Male) |
| 0:09 | Create | Villager (Male) |
| 0:09 | Create | Villager (Male) |
| 0:11 | Create | Villager (Male) |
| 0:11 | Create | Villager (Male) |
| 1:53 | Create | Villager (Male) |
| 1:53 | Create | Villager (Male) |
| 2:09 | Create | Villager (Male) |
| 2:10 | Create | Villager (Male) |
| 2:20 | Create | Villager (Male) |
| 2:20 | Create | Villager (Male) |
| 2:20 | Create | Villager (Male) |
| 3:28 | Create | Villager (Male) |
| 3:29 | Create | Villager (Male) |
| 3:29 | Create | Villager (Male) |
| 3:29 | Create | Villager (Male) |
| 3:29 | Create | Villager (Male) |
| 3:54 | Build | House |
| 3:56 | Build | House |
| 4:00 | Create | Villager (Male) |
| 4:24 | Create | Villager (Male) |
| 4:24 | Create | Villager (Male) |
| 4:24 | Create | Villager (Male) |
| 4:25 | Create | Villager (Male) |
| 4:25 | Create | Villager (Male) |
| 4:37 | Build | Mill |
| 5:08 | Create | Villager (Male) |
| 5:22 | Create | Villager (Male) |
| 5:22 | Create | Villager (Male) |
| 5:22 | Create | Villager (Male) |
| 5:41 | Build | Lumber Camp |
| 5:55 | Create | Villager (Male) |
| 5:55 | Create | Villager (Male) |
| 5:55 | Create | Villager (Male) |
| 6:11 | Create | Villager (Male) |
| 6:11 | Create | Villager (Male) |
| 6:11 | Create | Villager (Male) |
| 7:04 | Create | Villager (Male) |
| 7:05 | Create | Villager (Male) |
| 7:05 | Create | Villager (Male) |
| 7:24 | Build | Mining Camp |
| 7:44 | Create | Villager (Male) |
| 7:44 | Create | Villager (Male) |
| 7:51 | Research | Feudal Age |
| 8:05 | Create | Villager (Male) |
| 8:06 | Create | Villager (Male) |
| 8:44 | Build | House |
| 9:24 | Create | Villager (Male) |
| 9:38 | Create | Villager (Male) |
| 9:38 | Create | Villager (Male) |
| 9:38 | Create | Villager (Male) |
| 9:39 | Create | Villager (Male) |
| 9:39 | Create | Villager (Male) |
| 9:39 | Create | Villager (Male) |
| 10:13 | Age | Feudal Age |
| 10:21 | Build | Blacksmith |
| 10:29 | Build | Market |
| 11:34 | Research | Castle Age |
| 11:34 | Research | Castle Age |
| 11:49 | Build | House |
| 11:50 | Build | House |
| 12:19 | Research | Double-Bit Axe |
| 12:53 | Create | Villager (Male) |
| 12:53 | Create | Villager (Male) |
| 12:59 | Build | Farm |
| 13:20 | Build | Farm |
| 13:24 | Build | Farm |
| 14:14 | Age | Castle Age |
| 14:18 | Build | Town Center |
| 14:33 | Build | Town Center |
| 14:49 | Build | Farm |
| 15:00 | Create | Villager (Male) |
| 15:00 | Create | Villager (Male) |
| 15:01 | Create | Villager (Male) |
| 15:01 | Create | Villager (Male) |
| 15:13 | Research | Bow Saw |
| 15:23 | Build | Farm |
| 15:34 | Build | Farm |
| 15:49 | Create | Villager (Male) |
| 15:50 | Create | Villager (Male) |
| 15:54 | Build | Farm |
| 15:57 | Research | Loom |
| 16:07 | Build | Farm |
| 16:15 | Build | Farm |
| 16:19 | Build | Farm |
| 16:19 | Create | Villager (Male) |
| 16:20 | Create | Villager (Male) |
| 16:20 | Create | Villager (Male) |
| 16:32 | Build | Farm |
| 16:42 | Build | Farm |
| 16:45 | Create | Villager (Male) |
| 16:45 | Create | Villager (Male) |
| 16:49 | Build | Farm |
| 16:58 | Build | Farm |
| 17:00 | Create | Villager (Male) |
| 17:00 | Create | Villager (Male) |
| 17:16 | Build | Farm |
| 17:20 | Build | Farm |
| 17:25 | Build | Farm |
| 17:27 | Create | Villager (Male) |
| 17:27 | Create | Villager (Male) |
| 17:28 | Create | Villager (Male) |
| 17:36 | Build | Farm |
| 17:43 | Build | Farm |
| 17:44 | Create | Villager (Male) |
| 17:44 | Create | Villager (Male) |
| 17:47 | Create | Villager (Male) |
| 17:48 | Create | Villager (Male) |
| 17:55 | Create | Villager (Male) |
| 17:55 | Create | Villager (Male) |
| 17:57 | Build | Farm |
| 18:09 | Build | Farm |
| 18:14 | Create | Villager (Male) |
| 18:14 | Create | Villager (Male) |
| 18:16 | Create | Villager (Male) |
| 18:16 | Create | Villager (Male) |
| 18:26 | Build | Farm |
| 18:31 | Create | Villager (Male) |
| 18:31 | Create | Villager (Male) |
| 18:31 | Create | Villager (Male) |
| 18:36 | Build | Farm |
| 18:39 | Create | Villager (Male) |
| 18:39 | Create | Villager (Male) |
| 18:41 | Build | Farm |
| 18:43 | Create | Villager (Male) |
| 18:43 | Create | Villager (Male) |
| 18:47 | Build | Farm |
| 18:55 | Create | Villager (Male) |
| 18:55 | Create | Villager (Male) |
| 19:04 | Create | Villager (Male) |
| 19:04 | Create | Villager (Male) |
| 19:12 | Build | Farm |
| 19:12 | Create | Villager (Male) |
| 19:12 | Create | Villager (Male) |
| 19:13 | Create | Villager (Male) |
| 19:19 | Build | Monastery |
| 19:21 | Build | House |
| 19:22 | Build | House |
| 19:25 | Build | House |
| 19:30 | Create | Villager (Male) |
| 19:31 | Create | Villager (Male) |
| 19:31 | Create | Villager (Male) |
| 19:35 | Create | Villager (Male) |
| 19:36 | Create | Villager (Male) |
| 19:45 | Create | Villager (Male) |
| 19:45 | Create | Villager (Male) |
| 19:45 | Create | Villager (Male) |
| 19:50 | Create | Villager (Male) |
Build order — antifrizman
First 150 of 487 actions detected
| 0:01 | Create | Villager (Male) |
| 0:01 | Create | Villager (Male) |
| 0:02 | Build | House |
| 0:04 | Build | House |
| 0:04 | Create | Villager (Male) |
| 0:04 | Create | Villager (Male) |
| 0:05 | Create | Villager (Male) |
| 1:38 | Create | Villager (Male) |
| 1:38 | Create | Villager (Male) |
| 1:38 | Create | Villager (Male) |
| 2:02 | Create | Villager (Male) |
| 2:02 | Create | Villager (Male) |
| 2:02 | Create | Villager (Male) |
| 2:03 | Create | Villager (Male) |
| 2:06 | Build | Lumber Camp |
| 2:22 | Create | Villager (Male) |
| 2:22 | Create | Villager (Male) |
| 2:48 | Create | Villager (Male) |
| 2:49 | Create | Villager (Male) |
| 3:04 | Create | Villager (Male) |
| 3:04 | Create | Villager (Male) |
| 3:27 | Build | House |
| 3:40 | Create | Villager (Male) |
| 3:40 | Create | Villager (Male) |
| 3:49 | Build | Mill |
| 3:51 | Create | Villager (Male) |
| 3:51 | Create | Villager (Male) |
| 4:27 | Create | Villager (Male) |
| 4:27 | Create | Villager (Male) |
| 4:28 | Create | Villager (Male) |
| 4:53 | Create | Villager (Male) |
| 4:54 | Create | Villager (Male) |
| 4:54 | Create | Villager (Male) |
| 5:32 | Build | Mill |
| 6:00 | Build | Farm |
| 6:01 | Create | Villager (Male) |
| 6:01 | Create | Villager (Male) |
| 6:01 | Create | Villager (Male) |
| 6:02 | Create | Villager (Male) |
| 6:58 | Research | Loom |
| 7:01 | Build | House |
| 7:07 | Create | Villager (Male) |
| 7:25 | Create | Villager (Male) |
| 7:55 | Create | Villager (Male) |
| 8:18 | Create | Villager (Male) |
| 8:58 | Research | Feudal Age |
| 9:08 | Build | Farm |
| 9:30 | Build | House |
| 9:43 | Build | Mining Camp |
| 10:06 | Build | Farm |
| 10:52 | Create | Villager (Male) |
| 11:13 | Age | Feudal Age |
| 11:15 | Build | Market |
| 11:32 | Build | Blacksmith |
| 11:38 | Create | Villager (Male) |
| 11:56 | Create | Villager (Male) |
| 12:20 | Research | Castle Age |
| 12:21 | Research | Castle Age |
| 12:54 | Research | Double-Bit Axe |
| 12:56 | Research | Horse Collar |
| 12:56 | Research | Horse Collar |
| 12:57 | Research | Horse Collar |
| 13:22 | Build | Mill |
| 14:24 | Create | Villager (Male) |
| 14:53 | Build | House |
| 15:00 | Age | Castle Age |
| 15:01 | Research | Bow Saw |
| 15:01 | Research | Bow Saw |
| 15:15 | Build | Town Center |
| 15:19 | Build | Town Center |
| 15:24 | Create | Villager (Male) |
| 15:46 | Create | Villager (Male) |
| 16:05 | Create | Villager (Male) |
| 16:21 | Create | Villager (Male) |
| 16:21 | Create | Villager (Male) |
| 16:24 | Build | Farm |
| 16:25 | Build | Farm |
| 16:28 | Build | Farm |
| 16:30 | Build | Farm |
| 16:37 | Create | Villager (Male) |
| 16:48 | Create | Villager (Male) |
| 16:48 | Create | Villager (Male) |
| 17:01 | Build | Monastery |
| 17:27 | Create | Villager (Male) |
| 17:27 | Create | Villager (Male) |
| 17:30 | Build | Town Center |
| 17:40 | Create | Villager (Male) |
| 17:40 | Create | Villager (Male) |
| 17:47 | Build | Farm |
| 17:53 | Create | Monk |
| 17:56 | Build | Farm |
| 18:06 | Create | Villager (Male) |
| 18:07 | Create | Villager (Male) |
| 18:23 | Build | House |
| 18:25 | Build | House |
| 18:26 | Build | House |
| 18:29 | Build | Farm |
| 18:31 | Create | Villager (Male) |
| 18:31 | Create | Villager (Male) |
| 18:34 | Create | Villager (Male) |
| 18:34 | Create | Villager (Male) |
| 18:41 | Build | House |
| 18:43 | Build | House |
| 18:58 | Create | Villager (Male) |
| 18:58 | Create | Villager (Male) |
| 18:58 | Create | Villager (Male) |
| 19:00 | Build | Farm |
| 19:02 | Build | Farm |
| 19:09 | Build | Farm |
| 19:13 | Create | Villager (Male) |
| 19:17 | Build | Farm |
| 19:24 | Build | House |
| 19:26 | Build | House |
| 19:29 | Build | Farm |
| 19:30 | Create | Villager (Male) |
| 19:30 | Create | Villager (Male) |
| 19:42 | Build | Farm |
| 19:45 | Create | Villager (Male) |
| 19:45 | Create | Villager (Male) |
| 19:50 | Build | Farm |
| 19:59 | Create | Villager (Male) |
| 20:03 | Build | Farm |
| 20:09 | Build | Farm |
| 20:14 | Build | Mining Camp |
| 20:20 | Create | Villager (Male) |
| 20:20 | Create | Villager (Male) |
| 20:20 | Create | Villager (Male) |
| 20:31 | Create | Monk |
| 20:34 | Create | Villager (Male) |
| 20:38 | Build | Farm |
| 20:40 | Build | Farm |
| 20:42 | Create | Villager (Male) |
| 20:42 | Create | Villager (Male) |
| 20:58 | Create | Villager (Male) |
| 20:58 | Create | Villager (Male) |
| 21:00 | Build | House |
| 21:02 | Build | House |
| 21:04 | Create | Villager (Male) |
| 21:05 | Create | Villager (Male) |
| 21:08 | Build | Farm |
| 21:26 | Create | Villager (Male) |
| 21:26 | Create | Villager (Male) |
| 21:26 | Create | Villager (Male) |
| 21:35 | Build | Farm |
| 21:37 | Build | Farm |
| 21:50 | Build | Mining Camp |
| 21:52 | Create | Villager (Male) |
| 21:52 | Create | Villager (Male) |
| 21:58 | Build | Farm |
| 22:09 | Build | House |
Build order — elfile0
First 150 of 279 actions detected
| 0:02 | Create | Villager (Male) |
| 0:03 | Create | Villager (Male) |
| 0:03 | Create | Villager (Male) |
| 0:09 | Build | House |
| 0:09 | Build | House |
| 0:25 | Create | Villager (Male) |
| 0:26 | Create | Villager (Male) |
| 0:26 | Create | Villager (Male) |
| 1:29 | Create | Villager (Male) |
| 1:29 | Create | Villager (Male) |
| 2:15 | Build | Lumber Camp |
| 2:18 | Create | Villager (Male) |
| 2:18 | Create | Villager (Male) |
| 2:18 | Create | Villager (Male) |
| 2:19 | Create | Villager (Male) |
| 2:48 | Create | Villager (Male) |
| 2:48 | Create | Villager (Male) |
| 3:17 | Build | House |
| 3:26 | Create | Villager (Male) |
| 3:28 | Create | Villager (Male) |
| 3:28 | Create | Villager (Male) |
| 3:44 | Create | Villager (Male) |
| 3:45 | Create | Villager (Male) |
| 4:25 | Build | Mill |
| 4:38 | Create | Villager (Male) |
| 4:38 | Create | Villager (Male) |
| 4:38 | Create | Villager (Male) |
| 4:54 | Create | Villager (Male) |
| 4:55 | Create | Villager (Male) |
| 5:04 | Build | House |
| 5:30 | Create | Villager (Male) |
| 5:30 | Create | Villager (Male) |
| 5:30 | Create | Villager (Male) |
| 5:47 | Build | House |
| 5:57 | Create | Villager (Male) |
| 5:57 | Create | Villager (Male) |
| 6:41 | Create | Villager (Male) |
| 6:43 | Create | Villager (Male) |
| 6:43 | Create | Villager (Male) |
| 7:01 | Build | Mill |
| 7:10 | Create | Villager (Male) |
| 7:11 | Create | Villager (Male) |
| 7:16 | Create | Villager (Male) |
| 8:10 | Create | Villager (Male) |
| 8:11 | Create | Villager (Male) |
| 8:11 | Create | Villager (Male) |
| 9:21 | Research | Feudal Age |
| 10:10 | Build | Mining Camp |
| 10:24 | Build | House |
| 10:39 | Create | Villager (Male) |
| 10:40 | Create | Villager (Male) |
| 12:33 | Build | Farm |
| 12:36 | Age | Feudal Age |
| 12:37 | Build | Farm |
| 12:37 | Build | Farm |
| 12:38 | Build | Farm |
| 12:44 | Build | Market |
| 12:52 | Build | Blacksmith |
| 13:12 | Build | Farm |
| 13:12 | Build | Farm |
| 13:23 | Create | Villager (Male) |
| 13:35 | Build | Farm |
| 13:35 | Build | Farm |
| 13:50 | Create | Villager (Male) |
| 13:51 | Research | Castle Age |
| 14:13 | Build | Farm |
| 14:13 | Build | Farm |
| 14:17 | Build | Farm |
| 14:39 | Build | Farm |
| 14:48 | Create | Villager (Male) |
| 14:55 | Build | Farm |
| 15:16 | Build | Farm |
| 15:39 | Build | Farm |
| 16:00 | Research | Double-Bit Axe |
| 16:35 | Build | House |
| 16:44 | Create | Villager (Male) |
| 16:56 | Age | Castle Age |
| 17:00 | Build | Monastery |
| 17:09 | Build | House |
| 17:24 | Create | Villager (Male) |
| 17:38 | Research | Gold Mining |
| 17:55 | Build | University |
| 18:04 | Create | Villager (Male) |
| 18:08 | Create | Monk |
| 18:17 | Create | Villager (Male) |
| 18:53 | Create | Villager (Male) |
| 19:32 | Create | Villager (Male) |
| 20:06 | Research | Loom |
| 20:06 | Research | Imperial Age |
| 20:30 | Build | Siege Workshop |
| 20:38 | Create | Villager (Male) |
| 20:39 | Create | Villager (Male) |
| 21:02 | Research | Bow Saw |
| 21:59 | Build | House |
| 22:00 | Build | House |
| 23:16 | Build | House |
| 23:18 | Age | Imperial Age |
| 23:26 | Build | House |
| 23:40 | Create | Villager (Male) |
| 23:42 | Build | House |
| 23:44 | Build | House |
| 23:45 | Build | House |
| 23:57 | Build | Barracks |
| 24:06 | Create | Villager (Male) |
| 24:06 | Create | Villager (Male) |
| 24:13 | Build | Farm |
| 24:17 | Build | Farm |
| 24:47 | Create | Villager (Male) |
| 24:54 | Build | Archery Range |
| 25:05 | Build | Farm |
| 25:25 | Build | Farm |
| 25:29 | Build | Farm |
| 25:37 | Build | Town Center |
| 25:43 | Build | Mining Camp |
| 25:52 | Create | Hand Cannoneer |
| 25:52 | Create | Hand Cannoneer |
| 25:53 | Create | Hand Cannoneer |
| 25:53 | Create | Hand Cannoneer |
| 25:53 | Create | Hand Cannoneer |
| 26:16 | Build | Lumber Camp |
| 26:28 | Create | Hand Cannoneer |
| 26:28 | Create | Hand Cannoneer |
| 26:37 | Build | House |
| 26:38 | Build | House |
| 26:38 | Build | House |
| 26:47 | Create | Villager (Male) |
| 26:48 | Create | Villager (Male) |
| 26:58 | Create | Hand Cannoneer |
| 26:58 | Create | Hand Cannoneer |
| 27:10 | Create | Villager (Male) |
| 27:10 | Create | Villager (Male) |
| 27:10 | Create | Villager (Male) |
| 27:10 | Create | Villager (Male) |
| 27:19 | Create | Bombard Cannon |
| 27:39 | Research | Horse Collar |
| 27:43 | Create | Villager (Male) |
| 27:43 | Create | Villager (Male) |
| 27:43 | Create | Villager (Male) |
| 27:43 | Create | Villager (Male) |
| 27:48 | Build | Farm |
| 28:07 | Create | Bombard Cannon |
| 28:18 | Build | Stone Wall |
| 28:28 | Create | Villager (Male) |
| 28:28 | Create | Villager (Male) |
| 28:34 | Build | Mill |
| 28:35 | Build | Farm |
| 28:35 | Build | Farm |
| 28:36 | Build | Farm |
| 28:36 | Build | Farm |
| 28:36 | Build | Farm |
Match timeline
| 10:13 | W. · age_up feudal |
| 11:13 | antifrizman · age_up feudal |
| 11:19 | kavu · age_up feudal |
| 11:29 | KorboBlanc · age_up feudal |
| 11:31 | Achilles333 · first_building Barracks |
| 12:08 | AB14 · age_up feudal |
| 12:17 | Napoleon · age_up feudal |
| 12:36 | elfile0 · age_up feudal |
| 13:09 | Achilles333 · age_up feudal |
| 13:19 | Napoleon · first_market_sell 100 wood |
| 13:36 | Achilles333 · first_building Archery Range |
| 14:14 | W. · age_up castle |
| 14:44 | AB14 · first_building Barracks |
| 15:00 | antifrizman · age_up castle |
| 15:19 | Napoleon · first_building Barracks |
| 16:06 | Napoleon · age_up castle |
| 16:24 | Napoleon · first_building Castle |
| 16:39 | kavu · age_up castle |
| 16:45 | Napoleon · first_building Stable |
| 16:51 | AB14 · age_up castle |
| 16:56 | elfile0 · age_up castle |
| 17:00 | elfile0 · first_building Monastery |
| 17:01 | antifrizman · first_building Monastery |
| 17:11 | Achilles333 · age_up castle |
| 17:29 | Achilles333 · first_building Monastery |
| 18:08 | AB14 · first_building Monastery |
| 19:19 | W. · first_building Monastery |
| 19:49 | KorboBlanc · first_building Barracks |
| 20:03 | elfile0 · first_market_sell 100 wood |
| 20:04 | elfile0 · first_market_buy 100 food |
| 20:15 | W. · first_market_sell 100 wood |
| 20:30 | elfile0 · first_building Siege Workshop |
| 20:40 | KorboBlanc · age_up castle |
| 20:54 | KorboBlanc · first_building Stable |
| 21:55 | KorboBlanc · first_market_buy 100 wood |
| 22:16 | Achilles333 · age_up imperial |
| 23:01 | Achilles333 · first_building Siege Workshop |
| 23:18 | elfile0 · age_up imperial |
| 23:43 | antifrizman · first_building Barracks |
| 23:57 | elfile0 · first_building Barracks |
| 24:54 | elfile0 · first_building Archery Range |
| 25:52 | KorboBlanc · first_building Castle |
| 26:01 | Napoleon · first_building Monastery |
| 26:11 | kavu · first_building Monastery |
| 26:20 | antifrizman · first_building Stable |
| 26:34 | W. · first_building Castle |
| 27:56 | kavu · first_building Castle |
| 28:18 | elfile0 · wall_segment Stone Wall x1 |
| 28:20 | W. · first_building Barracks |
| 28:22 | antifrizman · first_building Castle |
| 29:37 | kavu · first_building Barracks |
| 29:52 | W. · first_building Stable |
| 29:57 | AB14 · first_building Siege Workshop |
| 30:04 | antifrizman · age_up imperial |
| 30:17 | W. · age_up imperial |
| 30:36 | kavu · age_up imperial |
| 31:04 | elfile0 · first_building Castle |
| 31:09 | Napoleon · age_up imperial |
| 32:43 | AB14 · age_up imperial |
| 32:44 | W. · first_building Siege Workshop |
| 34:17 | elfile0 · first_building Stable |
| 34:43 | AB14 · first_building Stable |
| 35:09 | elfile0 · wall_segment Stone Wall x20 |
| 35:47 | antifrizman · first_building Siege Workshop |
| 37:07 | AB14 · first_building Castle |
| 37:42 | antifrizman · first_market_sell 500 wood |
| 39:14 | W. · first_market_buy 100 stone |
| 41:42 | W. · wall_segment Stone Wall x4 |
| 44:18 | AB14 · resign |
[ AI ANALYSIS · 1 CREDIT ]
What really happened in this match?
Wolo.gg analyzes every decision: build order, eco, micro, common mistakes by bracket. Personalized analysis on WhatsApp or Discord in 30 seconds.
Civ guide
Franks
Perfil
Jugador #392476